 Dungeon Crawl Stone Soup version 0.26.1-11-gd32895ea62 (webtiles) character file.

Game seed: 11454106254258537251

131 jlumianski the Caller (level 4, -7/18 HPs)
             Began as a Felid Summoner on June 2, 2021.
             Shot with an arrow by a centaur (9 damage)
             ... on level 4 of the Dungeon.
             The game lasted 00:16:22 (3740 turns).

jlumianski the Caller (Felid Summoner)              Turns: 3740, Time: 00:16:22

Health: -7/18      AC:  1    Str:  4    XL:     4   Next: 91%
Magic:  10/10      EV: 18    Int: 17    God:
Gold:   188        SH:  0    Dex: 16    Spells: 4/10 levels left
                                        Lives:  0   Deaths: 1

rFire    . . .     SeeInvis +   (weapon unavailable)
rCold    . . .     Faith    .   (shield unavailable)
rNeg     + . .     Spirit   .   (armour unavailable)
rPois    .         Reflect  .   (helmet unavailable)
rElec    .         Harm     .   (cloak unavailable)
rCorr    .         Rampage  .   (gloves unavailable)
Will     .....                  (boots unavailable)
Stlth    +++.......             f - amulet of magic regeneration
HPRegen  0.06/turn              j - ring of positive energy
MPRegen  0.37/turn              (no ring)

@: quick
A: very small, no armour, no weapons or thrown items, stealth, claws 1, fangs 3,
see invisible, speed 1, shaggy fur 1, sharp paws
a: no special abilities


You were on level 4 of the Dungeon.
You visited 1 branch of the dungeon, and saw 4 of its levels.

You collected 188 gold pieces.

Inventory:

Jewellery
 f - an amulet of magic regeneration (around neck)
 j - a ring of positive energy (left paw)
Wands
 h - a wand of polymorph (7)
Scrolls
 b - 3 scrolls of identify
 c - 3 scrolls of remove curse
 e - a scroll of amnesia {unknown}
 g - a scroll of magic mapping
 i - a scroll of random uselessness {unknown}
 m - 2 scrolls of blinking {unknown}
 n - a scroll of teleportation {unknown}
 o - a scroll of enchant armour
Potions
 a - a potion of curing {unknown}
 d - 2 potions of haste
 k - a potion of might {unknown}
 l - a potion of brilliance {unknown}


   Skills:
 + Level 2.6 Dodging
 + Level 3.8 Stealth
 + Level 3.9 Spellcasting
 + Level 5.1 Summonings


You had 4 spell levels left.
You knew the following spells:

 Your Spells              Type           Power        Failure   Level
a - Summon Small Mammal   Summ           80%          1%          1
b - Call Imp              Summ           20%          3%          2
c - Call Canine Familiar  Summ           20%          6%          3

Your spell library contained the following spells:

 Spells                   Type           Power        Failure   Level
 Summon Guardian Golem    Hex/Summ       12%          17%         3
 Summon Ice Beast         Ice/Summ       12%          50%         4
 Summon Lightning Spire   Summ/Air       12%          50%         4


Dungeon Overview and Level Annotations

Branches:
Dungeon (4/15)
 Temple: D:4-7

Altars:
Fedhas
Wu Jian


Innate Abilities, Weirdness & Mutations

You cannot wear armour.
You are incapable of wielding weapons or throwing items.
Your paws allow you to move quietly. (Stealth)
You have sharp claws.
You have razor-sharp teeth.
You have supernaturally acute eyesight. (SInv)
You cover ground quickly.
You are covered in fur. (AC +1)
Your sharp claws are effective at attacking unaware monsters.


Message History

You see here an arrow.
Your white imp disappears in a puff of smoke!
The centaur shoots an arrow.
The arrow hits you!
Ouch! That really hurt!
* * * LOW HITPOINT WARNING * * *
You see here an arrow.
The centaur shoots an arrow.
The arrow completely misses you.
Your crimson imp blinks!
The centaur shoots an arrow.
The arrow misses you.
There is an open door here.
You see here an arrow.
Which direction?
You close the door, pushing everything out of the way.
There is an open door here.
Things that are here:
a +0 whip; a stone You see here a scroll of remove curse.
You open the door.
The centaur shoots an arrow.
The arrow hits you!
Ouch! That really hurt!
You die...

#..'..#..)#§# #
#####.#####.# #.
#.[[#..#[.#.# ..
#...'..5)['.#
.####...#.##'##.#
...### #.#..#..# ...
..#..#..# ##'#
##+#)##..# #)@####
#()#..# ####.)'..#
#).#..#
##..####..####..'..#
.......#c##..####..#
........(....).)...#
.##....(§.).......##
..c.....(.#########
###.....(.#
#.....5.#


You could see a centaur.

Vanquished Creatures
  A bat (D:3)
  2 goblins (D:4)
  A hobgoblin (D:3)
  A kobold (D:4)
5 creatures vanquished.

Vanquished Creatures (collateral kills)
  An orc priest (D:4)
  An orc wizard (D:4)
  A centaur skeleton (D:4)
  2 worker ants (D:4)
  2 gnolls (D:4)
  6 adders
  2 oozes (D:3)
  An adder skeleton (D:4)
  4 worms
  2 dart slugs
  A leopard gecko (D:3)
  11 orcs
  A giant cockroach (D:2)
  15 goblins
  A hobgoblin (D:2)
  8 bats
  2 frilled lizards
  13 kobolds
  8 rats
82 creatures vanquished.

Vanquished Creatures (others)
  4 plants (D:4)
4 creatures vanquished.

Grand Total: 91 creatures vanquished

Notes
Turn   | Place    | Note
-------+----------+-------------------------------------------
     0 | D:1      | jlumianski the Felid Summoner began the quest for the Orb.
     0 | D:1      | Reached XP level 1. HP: 7/7 MP: 4/4
   505 | D:1      | Reached XP level 2. HP: 11/11 MP: 1/6
   574 | D:1      | Learned a level 2 spell: Call Imp
  1793 | D:2      | Found an ornate altar of the Wu Jian Council.
  1826 | D:2      | Reached XP level 3. HP: 14/14 MP: 2/8
  2809 | D:3      | Reached XP level 4. HP: 18/18 MP: 6/9
  2881 | D:3      | Learned a level 3 spell: Call Canine Familiar
  3305 | D:4      | Noticed an ogre
  3328 | D:4      | Found a blossoming altar of Fedhas.
  3328 | D:4      | Noticed a centaur
  3348 | D:4      | Shot with an arrow by a centaur
  3349 | D:4      | Reached XP level 3. HP: -1/14 MP: 9/9
  3518 | D:4      | Reached skill level 5 in Summonings
  3518 | D:4      | Reached XP level 4. HP: 18/18 MP: 4/10
  3740 | D:4      | Shot with an arrow by a centaur

Illustrated notes

Levels and vault maps discovered:
D:1:      amcnicky_arrival_single_pillar, layout_basic, grunt_decor_resistance,
          minmay_cupped
D:2:      layout_basic, nzn_wu_jian_council_hall
D:3:      layout_loops_ring
D:4:      corexii_shantytown, layout_rooms, gammafunk_ghost_gnarly_gnolls,
          fedhas_bush_and_centaur_altar

Skill      XL: |  1  2  3 |
---------------+----------+-----
Spellcasting   | 3 |  3.9
Stealth        | 3 |  3.8
Summonings     | 5 |  5.1
Dodging        | |  2.6

Action                   |  1- 3 |  4- 6 || total
-------------------------+-------+-------++-------
Melee: Unarmed           |     8 |     4 ||    12
       Bite              |     1 |       ||     1
 Cast: Summon Small Mamm |    97 |     8 ||   105
       Call Imp          |    45 |    18 ||    63
       Call Canine Famil |     4 |     6 ||    10
  Use: Scroll            |     3 |     2 ||     5
       Potion            |     1 |       ||     1
 Stab: Sleeping          |     6 |     3 ||     9
Dodge: Dodged            |    26 |    20 ||    46
